 Dungeon Crawl Stone Soup version 0.32-a0-953-g508020473e (webtiles) character file.

Game seed: 10262110396100424602

6257 Fodor the Cleaver (level 10, -7/91 HPs)
             Began as a Minotaur Fighter on Apr 15, 2024.
             Was an Initiate of Gozag.
             Killed from afar by Erica (11 damage)
             ... with a bolt of poison
             ... on level 9 of the Dungeon on Apr 16, 2024.
             The game lasted 00:28:02 (7241 turns).

Fodor the Cleaver (Minotaur Fighter)                Turns: 7241, Time: 00:28:03

Health: -7/91      AC: 20    Str: 22    XL:     10   Next: 62%
Magic:  0/18       EV:  0    Int:  5    God:    Gozag
Gold:   608        SH:  0    Dex: 18    Spells: 9/9 levels left

rFire   x . .        p - +8 arbalest of Mastery {drain, rC+ Dex+5}
rCold   + + .        (shield currently unavailable)
rNeg    + . .        c - +6 chain mail
rPois   .            (helmet restricted)
rElec   .            o - +0 cloak
rCorr   .            (no gloves)
SInv    .            K - +0 pair of boots
Will    .....        A - amulet of guardian spirit Stlth
                     z - ring of Amorality {Ice MP+9 Slay+5}
HPRegen 0.35/turn    r - ring of positive energy
MPRegen 0.16/turn

%: guardian spirit
@: lethally poisoned (-7 -> -43), constricted
A: horns 2, retaliatory headbutt
a: Renounce Religion, Potion Petition, Call Merchant, Bribe Branch


You were on level 9 of the Dungeon.
You worshipped Gozag.
Gozag was pleased with you.
You visited 2 branches of the dungeon, and saw 10 of its levels.
You also visited: Sewer.

You collected 907 gold pieces.
You spent 138 gold pieces at shops.
You paid 161 gold pieces to Gozag.

Inventory:

Hand Weapons
 e - the +4 sling of the Magi {flame, rC+ Str+3 Stlth+}
   (You found it on level 4 of the Dungeon)

   Str+3:     It affects your strength (+3).
   rC+:       It protects you from cold.
   Stlth+:    It makes you more stealthy.
 p - the +8 arbalest of Mastery (weapon) {drain, rC+ Dex+5}
   (You found it on level 9 of the Dungeon)

   Dex+5:     It affects your dexterity (+5).
   rC+:       It protects you from cold.
 w - a +1 war axe of electrocution
Armour
 c - a +6 chain mail (worn)
 o - a +0 cloak (worn)
 K - a +0 pair of boots (worn)
Jewellery
 j - a ring of fire
 r - a ring of positive energy (right hand)
 z - the ring of Amorality (left hand) {Ice MP+9 Slay+5}
   (You found it on level 4 of the Dungeon)

   [ring of ice]

   Ice:       It enhances your ice magic.
   Slay+5:    It affects your accuracy & damage with ranged weapons and melee
   (+5).
   rF-:       It makes you vulnerable to fire.
   rC+:       It protects you from cold.
   MP+9:      It affects your magic capacity (+9).
 A - an amulet of guardian spirit (around neck)
 F - a ring of willpower
 H - a ring of protection from fire
Wands
 m - a wand of flame (11)
 x - a wand of mindburst (12)
 E - a wand of charming (11)
Scrolls
 f - a scroll of teleportation
 h - a scroll of noise
 i - a scroll of immolation
 k - 3 scrolls of fog
 q - a scroll of summoning {unknown}
 u - 4 scrolls of revelation {unknown}
 y - a scroll of blinking
 C - 2 scrolls of fear
Potions
 a - a potion of magic {unknown}
 d - 2 potions of might
 g - a potion of heal wounds {unknown}
 l - 2 potions of mutation
 n - a potion of resistance {unknown}
 s - a potion of attraction {unknown}
 t - 5 potions of lignification
 v - a potion of degeneration {unknown}
 D - a potion of brilliance {unknown}
 G - a potion of ambrosia {unknown}
 I - 2 potions of invisibility {unknown}
 J - a potion of haste {unknown}


   Skills:
 + Level 9.1 Fighting
 + Level 10.3 Axes
 + Level 9.5 Ranged Weapons
 + Level 9.1 Armour
 + Level 2.6 Dodging
 + Level 1.4 Stealth
 + Level 5.1 Shields
 + Level 0.1 Evocations


You had 9 spell levels left.
You didn't know any spells.
Your spell library contained the following spells:

 Spells                   Type           Power      Damage    Failure   Level
 Apportation              Tloc           0%         N/A       95%         1
 Necrotise                Necr           0%         1d4       95%         1
 Slow                     Hex            0%         N/A       95%         1
 Sting                    Conj/Alch      0%         1d3       95%         1
 Summon Small Mammal      Summ           0%         N/A       95%         1
 Ensorcelled Hibernation  Hex/Ice        0%         N/A       99%         2
 Scorch                   Fire           0%         2d5       99%         2
 Confusing Touch          Hex            0%         N/A       100%        3
 Dazzling Flash           Conj/Hex       0%         N/A       100%        3
 Fugue of the Fallen      Necr           0%         N/A       100%        3
 Maxwell's Portable Pile  Tloc           0%         2d(5-13)  100%        3
 Mephitic Cloud           Conj/Alch/Air  0%         N/A       100%        3
 Ozocubu's Armour         Ice            0%         N/A       100%        3
 Passwall                 Erth           0%         N/A       100%        3
 Summon Ice Beast         Ice/Summ       0%         N/A       100%        3
 Swiftness                Air            0%         N/A       100%        3
 Teleport Other           Tloc           0%         N/A       100%        3
 Vampiric Draining        Necr           0%         2d6       100%        3
 Anguish                  Hex/Necr       0%         N/A       100%        4
 Flame Wave               Conj/Fire      0%         2d4       100%        4
 Silence                  Hex/Air        0%         N/A       100%        5
 Summon Mana Viper        Hex/Summ       0%         N/A       100%        5
 Conjure Ball Lightning   Conj/Air       0%         3x3d6     100%        6
 Dispersal                Tloc           0%         N/A       100%        6
 Gell's Gavotte           Tloc           0%         2d(11-16) 100%        6
 Starburst                Conj/Fire      0%         6d3       100%        6
 Summon Cactus Giant      Summ           0%         N/A       100%        6
 Magnavolt                Erth/Air       0%         3d9       100%        7
 Manifold Assault         Tloc           0%         N/A       100%        7
 Monstrous Menagerie      Summ           0%         N/A       100%        7
 Discord                  Hex            0%         N/A       100%        8
 Disjunction              Tloc           0%         N/A       100%        8
 Maxwell's Capacitive Co  Air            0%         ∞         100%        8


Dungeon Overview and Level Annotations

Branches:
Dungeon (9/15)             Temple (1/1) D:4           Sewer (visited)
   Lair: D:8-11         Orc: D:9-12

Altars:
Ashenzari
Cheibriados
Dithmenos
Elyvilon
Fedhas
Gozag
Hepliaklqana
Kikubaaqudgha
Makhleb
Nemelex Xobeh
Okawaru
Qazlal
Ru
Sif Muna
Trog
Uskayaw
Vehumet
Wu Jian
Xom
Yredelemnul
Zin
The Shining One

Shops:
D:2 *   D:8 [

Annotations:
D:9 Erica


Innate Abilities, Weirdness & Mutations

You have a pair of horns on your head.
You reflexively headbutt those who attack you in melee.


Message History

Fire: p) +8 arbalest of Mastery {drain, rC+ Dex+5}
Press: ? - help, Q - select action, (/) - cycle Shift-Dir - straight line You shoot a bolt.
You feel very sick. Something hits you but does no damage. Something grabs you.
You are constricted.
You start resting.
You feel very sick.
You hear some strange, mumbled words.
A bolt of poison appears from out of thin air!
The bolt of poison hits you!!
You are more poisoned.
You are constricted.
There is a strange disturbance nearby!
There is a strange disturbance nearby!
You shoot a bolt.
You feel extremely sick. Something hits you! Something burns you.
You are constricted.
Unknown command.
You shoot a bolt.
You feel extremely sick.
You hear some strange, mumbled words.
Something tries to affect you, but you resist.
You are constricted.
You hear some strange, mumbled words.
A bolt of poison appears from out of thin air!
The bolt of poison hits you!!
You are more poisoned.
* * * LOW HITPOINT WARNING * * *
You are constricted.
* * * LOW HITPOINT WARNING * * *
You shoot a bolt.
* * * LOW HITPOINT WARNING * * *
You feel extremely sick.
You hear some strange, mumbled words.
A bolt of poison appears from out of thin air!
The bolt of poison hits you!
You are more poisoned.
You die...
Your body crumbles into a pile of gold.

......................... #.
............###.......... ##.
.........>..# ###.######. ß.
......##..### #.# ##########.
..<...##..#######.#####ß##ß##ß##.
......##..#....##.#..'...........
......##..#.......#.###ß##ß##ß##.
##..####..#.....###.############.
#......>.#.....@{........#... ß.
###.####......######.........##.
#..# #....>....###.....#... #.
##.# ##..##.#$.....##..)... ß.
#..............$.### .#.... #.
#....####...###$x# . ### #..###
###......# .. #.## ##....>.# ..
#. .......... ...


There were no monsters in sight!

Vanquished Creatures
  2 two-headed ogres (D:8)
  The ghost of dogverified the Cudgeller, a novice AtFi (D:5)
  A hornet (D:8)
  9 yaks
  2 steam dragons (D:9)
  2 water moccasins (D:8)
  A black bear (D:6)
  An ice beast (D:7)
  8 bullfrogs
  A kobold brigand (D:5)
  A gnoll sergeant (D:8)
  2 scorpions
  13 wights
  8 killer bees
  2 howler monkeys
  A bombardier beetle (D:3)
  3 jellies
  6 hounds
  A sleepcap (D:5)
  2 iguanas
  4 orc wizards
  7 gnolls
  11 adders
  A shadow imp (D:7)
  A white imp (D:6)
  3 ribbon worms
  9 dart slugs
  14 orcs
  3 endoplasms
  14 giant cockroaches
  10 goblins
  11 hobgoblins
  A jackal (D:2)
  16 kobolds
  9 quokkas
  12 ball pythons
  8 bats
  12 frilled lizards
  2 rats
  A spectral goblin (D:4)
  A butterfly (D:4)
217 creatures vanquished.

Notes
Turn   | Place    | Note
-------+----------+-------------------------------------------
     0 | D:1      | Fodor the Minotaur Fighter began the quest for the Orb.
     0 | D:1      | Reached XP level 1. HP: 19/19 MP: 0/0
    91 | D:1      | Found a faded altar of an unknown god.
   143 | D:1      | Reached XP level 2. HP: 25/27 MP: 1/1
   435 | D:1      | Upgraded the game from 0.32-a0-938-g40ac7a0f4d to
                  | 0.32-a0-953-g508020473e
   618 | D:2      | Identified the +1 ring mail of Amag {-Tele Will+ rCorr
                  | Int+5}
   652 | D:2      | Found a hazy altar of Hepliaklqana.
   719 | D:2      | Reached XP level 3. HP: 33/33 MP: 2/2
   764 | D:2      | Reached skill level 3 in Axes
   822 | D:2      | Found Duistrip's General Store.
   837 | D:2      | Bought a scroll of identify for 26 gold pieces
  1599 | D:2      | Reached XP level 4. HP: 33/40 MP: 3/3
  1799 | D:3      | Reached skill level 4 in Axes
  1814 | D:3      | Reached XP level 5. HP: 30/46 MP: 4/4
  1895 | D:3      | Found a stormy altar of Qazlal.
  2006 | D:3      | Reached skill level 5 in Armour
  2541 | D:3      | Reached skill level 5 in Axes
  2644 | D:4      | Reached XP level 6. HP: 55/55 MP: 5/5
  2699 | D:4      | Found a staircase to the Ecumenical Temple.
  2717 | Temple   | Entered the Ecumenical Temple
  2861 | D:4      | Reached skill level 5 in Fighting
  2899 | D:4      | Identified the +4 sling of the Magi {flame, rC+ Str+3
                  | Stlth+}
  2913 | D:4      | Identified the ring of Amorality {Ice MP+9 Slay+5}
  3183 | D:4      | Found a hazy altar of Hepliaklqana.
  3204 | D:5      | Entered Level 5 of the Dungeon
  3325 | D:5      | Reached skill level 6 in Axes
  3340 | D:5      | Found a glowing golden altar of the Shining One.
  3398 | D:5      | Found a snail-covered altar of Cheibriados.
  3413 | D:5      | Reached XP level 7. HP: 61/61 MP: 6/6
  3414 | D:5      | Found a basalt altar of Yredelemnul.
  3442 | D:5      | Reached skill level 1 in Dodging
  3442 | D:5      | Found a shadowy altar of Dithmenos.
  3450 | D:5      | Reached skill level 1 in Ranged Weapons
  3648 | D:5      | Found a runed translucent gate.
  3648 | D:5      | Found a runed translucent gate.
  3648 | D:5      | Found a runed translucent gate.
  3649 | D:5      | Noticed dogverified's ghost (novice AtFi)
  3677 | D:5      | Killed dogverified's ghost
  3682 | D:5      | Reached skill level 7 in Axes
  3682 | D:5      | Reached XP level 8. HP: 19/70 MP: 5/7
  3889 | D:6      | Found a glowing drain.
  3920 | Sewer    | Entered a sewer
  4154 | D:6      | Reached skill level 5 in Ranged Weapons
  4756 | D:7      | Reached XP level 9. HP: 43/78 MP: 8/8
  4759 | D:7      | Reached skill level 5 in Shields
  5279 | D:7      | Reached skill level 8 in Axes
  5279 | D:7      | Reached skill level 1 in Stealth
  5482 | D:7      | Found a glowing silver altar of Zin.
  5482 | D:7      | Found an opulent altar of Gozag.
  5500 | D:7      | Became a worshipper of Gozag Ym Sagoz the Greedy
  5796 | D:8      | Noticed a two-headed ogre
  5807 | D:8      | HP: 2/79 [poisoned by a water moccasin]
  5818 | D:8      | Killed a two-headed ogre
  5819 | D:8      | Reached skill level 9 in Axes
  5842 | D:8      | Reached XP level 10. HP: 15/88 MP: 6/9
  6334 | D:8      | Noticed a two-headed ogre
  6346 | D:8      | Killed a two-headed ogre
  6422 | D:8      | Found Ysed's Antique Armour Boutique.
  6460 | D:8      | Bought a pair of boots for 112 gold pieces
  6915 | D:9      | Noticed Erica
  7166 | D:9      | Reached skill level 10 in Axes
  7182 | D:9      | Identified the +8 arbalest of Mastery {drain, rC+ Dex+5}
  7241 | D:9      | HP: 4/91 [poisoned by Erica (bolt of poison)]
  7241 | D:9      | Killed from afar by Erica

Illustrated notes

Levels and vault maps discovered:
D:1:      amcnicky_arrival_abandoned_market, layout_basic,
          hellmonk_ecumenical_altar_crossroads
D:2:      minmay_razor_zed, layout_loops_corners, basic_altar, serial_shops,
          shop
D:3:      layout_basic, nicolae_qazlal_general_emergency
D:4:      layout_rooms, nicolae_hepliaklqana_monster_ancestors,
          minmay_temple_entry_butterflies
D:5:      layout_basic, nicolae_overflow_crystal_walls,
          grunt_temple_overflow_open, nicolae_dithmenos_through_a_glass_darkly,
          gammafunk_ghost_nasty_kobolds
D:6:      layout_loops_cross, portal_sewer_entry_f
D:7:      layout_gridville, grunt_temple_overflow_gold_and_silver
D:8:      layout_cave_pools, serial_shops, shop, st_stairs_11,
          grunt_decor_mini_mirrors, grunt_ministairs_15, palyth_stone_intersect,
          minmay_misc_feat_cross
D:9:      layout_rooms, minmay_misc_feat_iff, dk_noncrumbling_2, uniq_erica
Temple:   minmay_temple_curvy_branch

Skill      XL: |  1  2  3  4  5  6  7  8  9 10 |
---------------+-------------------------------+-----
Fighting       | 4 5 6 8 9 |  9.1
Shields        | 4 5 |  5.1
Armour         | 4 5 6 8 9 |  9.1
Axes           | 3 4 5 6 7 9 10 | 10.3
Dodging        | 1 2 |  2.6
Ranged Weapons | 3 7 8 9 |  9.5
Stealth        | 1 |  1.4
Evocations     | |  0.1

Action                     |  1- 3 |  4- 6 |  7- 9 | 10-12 || total
---------------------------+-------+-------+-------+-------++-------
  Melee: War axe           |    89 |   112 |   103 |    41 ||   345
         Headbutt          |     9 |    22 |    21 |    13 ||    65
   Fire: Sling             |       |    29 |   108 |    33 ||   170
         Arbalest          |       |       |       |     6 ||     6
  Evoke: Wand              |       |       |     1 |       ||     1
    Use: Scroll            |     2 |     3 |    12 |     3 ||    20
         Potion            |       |       |     5 |     2 ||     7
 Armour: Scale mail        |    69 |    90 |    77 |       ||   236
         Chain mail        |       |       |    59 |   102 ||   161
  Dodge: Dodged            |    28 |    55 |    58 |    28 ||   169
  Block: Buckler           |    25 |    24 |    16 |       ||    65

Table legend: (Time is in decaauts)
 A = Elapsed time spent in this place.
 B = Non-inter-level travel time spent in this place.
 C = Inter-level travel time spent in this place.
 D = Time resting spent in this place.
 E = Time spent auto-exploring this place.
 F = Levels seen in this place.
 G = Mean time per level.
                   A        B        C        D        E       F      G
               +--------+--------+--------+--------+--------+-----+--------+
         Total |   7424 |   7279 |    145 |    768 |   4251 |  11 |  674.9 |
       Dungeon |   7050 |   6905 |    145 |    768 |   4142 |   9 |  783.3 |
        Temple |     94 |     94 |      0 |      0 |      0 |   1 |   94.0 |
         Sewer |    278 |    278 |      0 |      0 |    109 |   1 |  278.0 |
               +--------+--------+--------+--------+--------+-----+--------+

Top non-repeatable levels by time:
     D:2: 1162 daAuts
     D:7: 1055 daAuts
     D:8: 1033 daAuts
     D:3: 882 daAuts
     D:5: 684 daAuts
     D:6: 668 daAuts
     D:1: 628 daAuts
     D:4: 500 daAuts
     D:9: 435 daAuts
   Sewer: 278 daAuts
  Temple: 94 daAuts
